[Event "*** Titled Tuesday Blitz"]
[Site "Chess.com"]
[Date "2020.11.10"]
[Round "2"]
[White "mbojan"]
[Black "ambaixador"]
[Result "0-1"]
[WhiteElo "2666"]
[BlackElo "2446"]
[TimeControl "180+1"]
[EndTime "10:20:39 PST"]
[Termination "ambaixador won by checkmate"]

1. d3 d5 2. g3 Nf6 3. Bg2 g6 4. Nd2 Bg7 5. e4 O-O 6. Nh3 c5 7. O-O Nc6 8. f4 Bg4 9. Qe1 Nd4 10. Rb1 Nxc2 11. Qf2 Nb4 12. e5 Nxd3 13. Qe3 Nxc1 14. Rbxc1 Nd7 15. Nf2 Be6 16. Nf3 Rc8 17. Ng5 d4 18.
Qa3 Qb6 19. Nxe6 fxe6 20. Ne4 a6 21. Bh3 Rfd8 22. Rf2 h6 23. Qb3 Qxb3 24. axb3 Kf7 25. Rfc2 b6 26. b4 g5 27. fxg5 Nxe5 28. Rf1+ Kg6 29.
gxh6 Bxh6 30. Bxe6 Rc6 31. Bf5+ Kg7 32. bxc5 d3 33.
Rc3 bxc5 34. Nxc5 Rxc5 35. Rxc5 Be3+ 36. Kg2 Bxc5 37. Rd1 d2 38. g4 Nc4 39. Kf3 Nxb2 40. Ke2 Nxd1 41. Kxd1 a5 42. h4 a4 43. g5 a3 44. Bb1 Rb8 45. Ba2 Rb2 46. Be6 a2 47.
Bxa2 Rxa2 48. h5 Be3 49. h6+ Kh7 50. g6+ Kxg6 51. h7 Kxh7 52. Ke2 Ra1 53. Kd3 d1=Q+ 54. Ke4 Qd4+ 55. Kf5 Rf1+ 56. Ke6 Qd6# 0-1

[Event "*** Titled Tuesday Blitz"]
[Site "Chess.com"]
[Date "2020.11.10"]
[Round "2"]
[White "PavlovDanila"]
[Black "Triumphmate"]
[Result "1-0"]
[WhiteElo "2673"]
[BlackElo "2372"]
[TimeControl "180+1"]
[EndTime "10:20:40 PST"]
[Termination "PavlovDanila won by checkmate"]

1. e4 d5 2. exd5 f6 3. Nc3 c6 4.
Bd3 g6 5. Be4 e5 6. dxc6 Nxc6 7.
Nf3 Bc5 8. O-O Nge7 9. Re1 O-O 10. h3 Be6 11. d3 Qc7 12. Bh6 Rf7 13. Be3 Bxe3 14.
fxe3 Rd8 15. Qe2 h6 16. Bxc6 Nxc6 17. Rad1 f5 18. d4 e4 19. Nh2 Ne7 20. Nb1 Bc4 21.
Qd2 Bxa2 22. b3 Bxb1 23. Rxb1 b5 24. Rbc1 Nc6 25. Qe2 a6 26. c3 Qb6 27. Nf1 Qa5 28. Qb2 Qb6 29. c4 bxc4 30. Rxc4 Na5 31. Rc3 Rc7 32. Nd2 Rdc8 33. Rec1 h5 34. Rxc7 Rxc7 35.
Rxc7 Qxc7 36. Qa3 Kg7 37. Qb4 Nb7 38. Nc4 a5 39. Qc3 Nd6 40. d5+ Kh7 41. Qe5 Nb5 42.
Qe6 a4 43. d6 Qd8 44. bxa4 Na7 45. Ne5 Kh6 46. Nf7+ Kg7 47. Nxd8 Kh6 48. Qf7 Kg5 49. Ne6+ Kh4 50. Qxg6 Nc6 51. Qg5# 1-0

[Event "*** Titled Tuesday Blitz"]
[Site "Chess.com"]
[Date "2020.11.10"]
[Round "2"]
[White "Msb2"]
[Black "AlexSuv"]
[Result "0-1"]
[WhiteElo "2891"]
[BlackElo "2582"]
[TimeControl "180+1"]
[EndTime "10:20:42 PST"]
[Termination "AlexSuv won by checkmate"]

1. d4 Nf6 2. Nf3 e6 3. Bf4 c5 4. e3 b6 5. Nc3 Bb7 6. Nb5 Nd5 7. Nd6+ Bxd6 8. Bxd6 cxd4 9. Qxd4 f6 10.
c4 Ne7 11. Bd3 Nbc6 12. Qh4 Kf7 13. O-O-O Rc8 14. Kb1 g6 15. e4 e5 16. g4 h6 17.
Qg3 g5 18. h4 Ng6 19. hxg5 hxg5 20. c5 Nb4 21. Bc4+ Kg7 22. Nd2 bxc5 23. Qb3 Qb6 24. a3 Rxh1 25. Rxh1 Qxd6 26. axb4 Qxd2 27. Rd1 Bxe4+ 28.
Ka1 Qxb4 29. Rxd7+ Kh6 30. Qxb4 cxb4 31. b3 a5 32. Ra7 Rc5 33. Kb2 Nf4 34. Rf7 Kg6 35.
Rf8 Bd5 36. Bf1 Rc3 37. Rd8 Rxb3+ 38. Kc1 Rc3+ 39. Kd2 Be4 40. Bb5 Rc2+ 41. Ke3 f5 42. gxf5+ Bxf5 43. Rg8+ Kf6 44. Ra8 Rc3+ 45. Kd2 Rc2+ 46.
Ke3 Nd5+ 47. Kf3 g4+ 48. Kg3 Rc3+ 49. Kh2 b3 50. Rb8 b2 51. Rg8 b1=Q 52. Rf8+ Kg7 53. Rg8+ Kxg8 54. Be2 Qe4 55. Bf3 Qxf3 56. Kg1 Rc1+ 57.
Kh2 Rh1# 0-1

[Event "*** Titled Tuesday Blitz"]
[Site "Chess.com"]
[Date "2020.11.10"]
[Round "2"]
[White "baki83"]
[Black "PIwan"]
[Result "0-1"]
[WhiteElo "2761"]
[BlackElo "2545"]
[TimeControl "180+1"]
[EndTime "10:20:42 PST"]
[Termination "PIwan won by checkmate"]

1. e4 e6 2. d4 d5 3. exd5 exd5 4. Nf3 Nf6 5. Bd3 Be7 6. O-O Bg4 7. Re1 O-O 8. Nbd2 Nbd7 9. Nf1 c6 10. Ng3 Re8 11.
h3 Bxf3 12. Qxf3 Qb6 13. c3 Bf8 14. Rd1 c5 15. b3 Rac8 16. Be3 cxd4 17. cxd4 Bb4 18.
Bf5 Rc3 19. Ne2 Rc6 20. Nf4 Bc3 21. Nxd5 Nxd5 22. Bxd7 Nxe3 23. Bxe8 Rf6 24. Qxe3 Bxa1 25. Bd7 Qd8 26. Rxa1 Qxd7 27. Rc1 Re6 28. Qf4 h5 29. h4 Rd6 30. Rd1 a6 31. Qe5 Rd5 32. Qe4 g6 33. g3 Kg7 34. Kg2 b5 35. Rd3 a5 36. Qf4 a4 37. Rf3 axb3 38. axb3 Rxd4 39. Qe5+ Kh7 40. Qf6 Kg8 41. Qb6 Rd5 42. Qb8+ Kg7 43. Re3 Rd3 44. Re8 Qd5+ 45. Kh2 Rd1 46. Rh8 Qh1# 0-1

[Event "*** Titled Tuesday Blitz"]
[Site "Chess.com"]
[Date "2020.11.10"]
[Round "2"]
[White "Alomaterapia"]
[Black "petrpalachev"]
[Result "0-1"]
[WhiteElo "2497"]
[BlackElo "2732"]
[TimeControl "180+1"]
[EndTime "10:20:42 PST"]
[Termination "petrpalachev won on time"]

1. e4 d6 2. d4 Nf6 3. Nc3 e5 4. Nf3 exd4 5. Nxd4 Nc6 6. Be2 Be7 7. O-O O-O 8. Be3 Re8 9. f4 Bf8 10. Bf3 Bd7 11. Qd2 Nxd4 12. Bxd4 Bc6 13. Rae1 a6 14. h3 g6 15. e5 Bxf3 16. exf6 Rxe1 17. Qxe1 Bc6 18.
Qh4 Qd7 19. f5 Re8 20. fxg6 hxg6 21. Kh2 b5 22. a3 a5 23. Rf2 b4 24. axb4 axb4 25. Ne2 Re4 26. Qg5 Bb5 27. Nf4 Kh7 28.
Qh4+ Kg8 29. Qg3 Qf5 30. c3 bxc3 31. Bxc3 g5 32. Ne2 Qg6 33. Nd4 Bd7 34. Nf3 g4 35. Nd2 Ra4 36. b4 Ra3 37. Nc4 Rb3 38. Na5 Ra3 39. Nc4 Rb3 40. Na5 Rb1 41. h4 Qh5 42. Nc4 Bh6 43. Nd2 Qg6 44. Nxb1 Qxb1 0-1

[Event "*** Titled Tuesday Blitz"]
[Site "Chess.com"]
[Date "2020.11.10"]
[Round "2"]
[White "ARTHURMOTIVATOR"]
[Black "LittleMyMoomin"]
[Result "1-0"]
[WhiteElo "2353"]
[BlackElo "1835"]
[TimeControl "180+1"]
[EndTime "10:20:42 PST"]
[Termination "ARTHURMOTIVATOR won on time"]

1. e4 e5 2. Nc3 Nf6 3. g3 Nc6 4. Bg2 Be7 5. Nge2 O-O 6. O-O d6 7. d3 a5 8. h3 h6 9. Kh2 Nh7 10. f4 exf4 11. Nxf4 Ne5 12. Ncd5 Bg5 13. d4 c6 14.
dxe5 dxe5 15. Ne3 exf4 16. gxf4 Qxd1 17. Nxd1 Bh4 18. Be3 Be6 19. f5 Bc4 20. Rg1 Rfd8 21. Bf4 Rd7 22. Ne3 Ba6 23. Rad1 Rad8 24. Rxd7 Rxd7 25.
Rd1 Rxd1 26. Nxd1 Nf6 27. Bd2 b6 28. Be3 c5 29. e5 Nh7 30. Nc3 Bg5 31. Bxg5 Nxg5 32.
Nd5 Kf8 33. Nxb6 f6 34. Nd7+ Ke7 35. exf6+ Kxd7 36. fxg7 Bc4 37. h4 Nh7 38. b3 Bg8 39.
c4 Ke7 40. Be4 Nf6 41. Bc6 Kf7 42. Kg3 Kxg7 43. Kf4 Nh5+ 44. Ke5 Ng3 45. Kd6 Kf6 46.
Kxc5 Kxf5 47. Bd5 1-0

[Event "*** Titled Tuesday Blitz"]
[Site "Chess.com"]
[Date "2020.11.10"]
[Round "2"]
[White "Sadykov_Ramil"]
[Black "TimofeevAr"]
[Result "1/2-1/2"]
[WhiteElo "2559"]
[BlackElo "2838"]
[TimeControl "180+1"]
[EndTime "10:20:47 PST"]
[Termination "Game drawn by repetition"]

1. e4 d5 2. exd5 Nf6 3. Bb5+ Nbd7 4. c4 a6 5. Bxd7+ Bxd7 6. d4 b5 7. b3 e6 8. dxe6 Bxe6 9. d5 Bg4 10. Nf3 Bd6 11.
Qe2+ Kf8 12. O-O Qd7 13. Ba3 Re8 14. Bxd6+ cxd6 15. Qd3 Ne4 16. Nbd2 Nxd2 17. Nxd2 Be2 18. Qd4 Bxf1 19. Nxf1 h5 20. Ne3 Rh6 21. a4 bxc4 22. Qxc4 a5 23. b4 Rc8 24. Qb3 axb4 25. Qxb4 h4 26. h3 Kg8 27. a5 Rg6 28. Kf1 Qa7 29. Qxh4 Rf6 30. Kg1 Qc5 31. a6 Ra8 32.
Qa4 Ra7 33. Qe8+ Kh7 34. Qc6 Rf4 35. Qe8 Qd4 36. Rd1 Qb2 37. Ng4 Rxa6 38. g3 Rf5 39.
Qe4 g6 40. Rf1 Ra3 41. Ne3 Re5 42. Qf4 Rexe3 43. fxe3 f5 44. Qh4+ Kg7 45. Qe7+ Kh6 46. Qh4+ Kg7 47. Qe7+ Kh6 48. Qh4+ Kg7 1/2-1/2

[Event "*** Titled Tuesday Blitz"]
[Site "Chess.com"]
[Date "2020.11.10"]
[Round "2"]
[White "Trickov"]
[Black "starworld123"]
[Result "0-1"]
[WhiteElo "2330"]
[BlackElo "2670"]
[TimeControl "180+1"]
[EndTime "10:20:49 PST"]
[Termination "starworld123 won on time"]

1. d4 Nf6 2. Nf3 e6 3. g3 d5 4. Bg2 b5 5. O-O Bb7 6. a4 b4 7. c4 dxc4 8. Qc2 Nbd7 9. Qxc4 c5 10. Qb5 Qb6 11. Nbd2 cxd4 12. Qxb6 Nxb6 13. Nxd4 Bxg2 14.
Kxg2 Bc5 15. N2b3 Bxd4 16. Nxd4 O-O 17. a5 Nbd5 18. Bd2 Ne4 19. Rfd1 Rfc8 20. Be1 a6 21. f3 Ne3+ 22. Kg1 Nxd1 23. Rxd1 Nc5 24. Bxb4 Rab8 25. Ba3 Nb3 26. Nxb3 Rxb3 27. Rd6 Ra8 28. Kf2 h5 29. h4 Kh7 30. Rd7 Kg6 31. Ke1 Rb5 32.
b4 Rc8 33. Rd6 Rc3 34. Bb2 Rb3 35. Bc1 R3xb4 36. Bd2 Rb1+ 37. Kf2 Rd5 38. Rxd5 exd5 39. Be3 f6 40. g4 hxg4 41. fxg4 Rb4 42. Kf3 Kf7 43.
Bc5 Ra4 44. Bb6 g6 45. e3 f5 46. gxf5 gxf5 47. Kg3 Rg4+ 48. Kh3 Kg6 49. Bd4 Kh5 50.
Bf6 f4 51. exf4 Rxf4 52. Bd8 Rg4 53. Bf6 d4 54. Bg5 d3 55. Kh2 Rxg5 0-1

[Event "*** Titled Tuesday Blitz"]
[Site "Chess.com"]
[Date "2020.11.10"]
[Round "2"]
[White "JonahWillow"]
[Black "ChronicUnhappiness"]
[Result "1-0"]
[WhiteElo "2629"]
[BlackElo "2314"]
[TimeControl "180+1"]
[EndTime "10:20:49 PST"]
[Termination "JonahWillow won by resignation"]

1. e4 c5 2. Nf3 Nc6 3. d4 cxd4 4. Nxd4 Nf6 5. Nc3 e5 6. Ndb5 d6 7. Bg5 a6 8. Na3 b5 9. Nd5 Be7 10. Bxf6 Bxf6 11. c4 b4 12. Nc2 O-O 13. g3 a5 14. Bg2 Be6 15. O-O Rc8 16. b3 Bxd5 17. Qxd5 Nd4 18. Nxd4 exd4 19. Qh5 g6 20. Qf3 Bg7 21. Rad1 Rc5 22. Rd3 a4 23. Qd1 axb3 24.
axb3 Ra5 25. f4 Qb6 26. Kh1 Re8 27. f5 Be5 28. Rdf3 f6 29. Rd3 Kg7 30. Qg4 Qa7 31. h4 Ra1 32. fxg6 Rxf1+ 33. Bxf1 hxg6 34. h5 Qf7 35. Bh3 Rh8 36. hxg6 Qxg6 37. Qd7+ Qf7 38. Qg4+ Qg6 39. Kg2 Qxg4 40. Bxg4 Ra8 41. Kf3 Ra2 42. Be6 Rc2 43. Bd5 Rb2 44. Be6 Kg6 45. Bd7 Kg5 46. Be6 Rb1 47. Ke2 Rg1 48. g4 Rc1 49. Rf3 Rc2+ 50.
Kd1 Rc3 51. Rf5+ Kh4 52. c5 dxc5 53. g5 Rd3+ 54. Ke2 Re3+ 55. Kd2 Rxe4 56. g6 Rg4 57.
Rxe5 Rxg6 58. Rxc5 Rg2+ 59. Kd3 Rg3+ 60. Kxd4 f5 61.
Rxf5 Kg4 62. Rf8+ Kg5 63. Rg8+ Kf4 64. Rxg3 Kxg3 65. Kc5 1-0

[Event "*** Titled Tuesday Blitz"]
[Site "Chess.com"]
[Date "2020.11.10"]
[Round "2"]
[White "SlavenPastar"]
[Black "Gabrielian_Artur"]
[Result "1-0"]
[WhiteElo "2549"]
[BlackElo "2787"]
[TimeControl "180+1"]
[EndTime "10:20:50 PST"]
[Termination "SlavenPastar won by resignation"]

1. d4 Nf6 2. c4 c5 3. d5 e6 4. Nc3 exd5 5. cxd5 d6 6. Nf3 g6 7. Bg5 h6 8. Bh4 g5 9. Bg3 Nh5 10. e3 Nxg3 11. hxg3 Bg7 12. Bd3 a6 13. a4 Qe7 14.
Nd2 Nd7 15. Nc4 Ne5 16. Nb6 Rb8 17. Nxc8 Nxd3+ 18. Qxd3 Rxc8 19. O-O c4 20. Qe2 O-O 21.
a5 Rc5 22. Ra4 Qc7 23. Rd1 Re8 24. Qg4 Qc8 25. Qxc8 Rcxc8 26. Rb4 Re7 27. Rb6 Be5 28. Ne4 Rd7 29. f4 gxf4 30. gxf4 Bg7 31. Nxd6 Rc5 32.
Nf5 Rxa5 33. e4 Rb5 34. Rxb5 axb5 35. Nxg7 Kxg7 36. Kf2 Kf6 37. Ke3 Ke7 38. Kd4 b6 39. Ke5 f6+ 40. Kd4 Rd8 41. Ra1 Kf7 42. Ra7+ Kg6 43.
Rb7 Ra8 44. Rxb6 Ra1 45. e5 Rd1+ 46. Kc5 Rd2 47. Rxf6+ Kg7 48. d6 Rxb2 49. d7 1-0

[Event "*** Titled Tuesday Blitz"]
[Site "Chess.com"]
[Date "2020.11.10"]
[Round "2"]
[White "keepitcoming"]
[Black "riddhi_07"]
[Result "1-0"]
[WhiteElo "2506"]
[BlackElo "1750"]
[TimeControl "180+1"]
[EndTime "10:20:50 PST"]
[Termination "keepitcoming won by resignation"]

1. d4 Nf6 2. c4 g6 3. Nc3 Bg7 4. e4 d6 5. f3 O-O 6. Nge2 c5 7. d5 e6 8. Ng3 exd5 9. cxd5 a6 10. a4 Nbd7 11. Be2 Re8 12. O-O Rb8 13. Be3 Ne5 14.
Qd2 Bd7 15. a5 b6 16. h3 b5 17. Bh6 b4 18. Nd1 c4 19. Bxg7 Kxg7 20. f4 Nd3 21.
b3 Nc5 22. Bxc4 Nfxe4 23. Qb2+ Kg8 24. Nxe4 Nxe4 25. Nf2 Nc3 26. Nd3 Qh4 27. Nxb4 Ne2+ 28. Bxe2 Rxb4 29. Qc3 Rbe4 30. Bxa6 Re3 31. Qd4 Bxh3 32.
Bb5 Qg3 33. Rf2 Re1+ 34. Rxe1 Rxe1+ 35. Bf1 Bf5 36. Rf3 Qh4 37. Re3 Rxe3 38. Qxe3 Qf6 39.
a6 Qd8 40. a7 Qa8 41. Qb6 Bc8 42. Qb8 Qb7 43. Qxb7 Bxb7 44. Ba6 Ba8 45. b4 Kg7 46. b5 Bxd5 47. b6 Bc6 48. b7 Bb5 49. b8=Q Bxa6 50. a8=Q 1-0

[Event "*** Titled Tuesday Blitz"]
[Site "Chess.com"]
[Date "2020.11.10"]
[Round "2"]
[White "kuli4ik"]
[Black "Natalya_Buksa"]
[Result "0-1"]
[WhiteElo "2854"]
[BlackElo "2577"]
[TimeControl "180+1"]
[EndTime "10:20:51 PST"]
[Termination "Natalya_Buksa won by checkmate"]

1. d4 d5 2. Nf3 e6 3. Bf4 Nf6 4. e3 Bd6 5. Bg3 c5 6. dxc5 Bxg3 7. Be2 Bc7 8. Bf1 Nc6 9. c3 e5 10. Bb5 Bg4 11. Qa4 O-O 12. Nbd2 e4 13. Bxc6 exf3 14. gxf3 Bd7 15. Bxd7 Qxd7 16. Qxd7 Nxd7 17. Nb3 b6 18. cxb6 Nxb6 19. O-O-O g6 20. h3 Rac8 21. Rhg1 Kg7 22. f4 Kf6 23. Nd4 Bd6 24. Nb5 Bb8 25. Nd4 a6 26.
Rg5 h6 27. Rg2 Bd6 28. Kb1 Bc5 29. Nb3 Rfe8 30. Rgg1 Bf8 31. Rd3 Rc4 32. Nd2 Rc6 33.
Nf3 Rc7 34. Ne5 Rb7 35. b3 Bd6 36. Ng4+ Kg7 37. Nh2 Rc8 38. Nf3 a5 39. f5 a4 40.
fxg6 fxg6 41. Nh4 Kh7 42. Rxg6 Be5 43. Re6 Bg7 44. Nf5 axb3 45. axb3 Rf8 46. Nxg7 Kxg7 47. f4 Rf6 48. Rxf6 Kxf6 49. Kc2 Rg7 50. e4 Rg2+ 51. Kc1 Ke6 52. exd5+ Nxd5 53. f5+ Ke5 54. c4 Nf4 55. Re3+ Kd4 56. Rf3 Nd3+ 57. Kd1 Ke4 58.
f6 Kxf3 59. f7 Ke3 60. f8=Q Rd2# 0-1

[Event "*** Titled Tuesday Blitz"]
[Site "Chess.com"]
[Date "2020.11.10"]
[Round "2"]
[White "GM_Crest"]
[Black "Mikasinski"]
[Result "1-0"]
[WhiteElo "2732"]
[BlackElo "2497"]
[TimeControl "180+1"]
[EndTime "10:20:51 PST"]
[Termination "GM_Crest won by resignation"]

1. d4 Nf6 2. c4 g6 3. Nc3 Bg7 4. e4 d6 5. Nf3 O-O 6. Be2 e5 7. Be3 h6 8. O-O Ng4 9. Bc1 Nc6 10. d5 Nd4 11. Nxd4 exd4 12. Bxg4 dxc3 13. bxc3 Bxc3 14. Bxh6 Qh4 15. Bxc8 Qxh6 16. Bxb7 Bxa1 17. Qxa1 Rab8 18. Bc6 Qg7 19. Bb5 Qxa1 20. Rxa1 Rb6 21. a4 a5 22. Re1 f6 23. f4 Kg7 24. Kf2 Rh8 25. h3 g5 26. e5 fxe5 27. fxe5 Rf8+ 28. Kg3 dxe5 29. Rxe5 Rg6 30. c5 Rf4 31. Be8 Rgf6 32. Rxg5+ Kf8 33. Bb5 Rd4 34. h4 Kf7 35. h5 Rh6 36. Rf5+ Kg7 37. Kf3 Rf6 38. Rxf6 Kxf6 39.
d6 cxd6 40. c6 Rd2 41. g4 Rc2 42. Kf4 Rc5 43. Bd3 Rxc6 44. g5+ Kg7 45. h6+ Kh8 46.
g6 Rc7 47. g7+ Rxg7 48. hxg7+ Kxg7 49. Ke4 Kf6 50. Kd5 Ke7 51. Bf5 Kf6 52. Bh3 Ke7 53.
Bg4 Kf6 54. Kxd6 Kg5 55. Bc8 Kf4 56. Kc5 Ke3 57. Kb5 Kd3 58. Kxa5 Kd4 1-0

[Event "*** Titled Tuesday Blitz"]
[Site "Chess.com"]
[Date "2020.11.10"]
[Round "2"]
[White "AwareIdea"]
[Black "PaulfromSPb"]
[Result "0-1"]
[WhiteElo "2492"]
[BlackElo "2711"]
[TimeControl "180+1"]
[EndTime "10:20:51 PST"]
[Termination "PaulfromSPb won on time"]

1. d4 Nf6 2. c4 e6 3. g3 c5 4. d5 exd5 5. cxd5 b5 6. Bg2 d6 7. a4 b4 8. Nd2 g6 9. Nc4 Ba6 10. Qc2 Bg7 11. Nh3 O-O 12. O-O Re8 13. Nf4 Ng4 14.
h3 Ne5 15. Nxe5 Rxe5 16. Nd3 Re8 17. Bf4 b3 18. Qd2 Bxd3 19. Qxd3 Bxb2 20. Rab1 Be5 21. Bh6 b2 22. Bd2 Nd7 23. f4 Bg7 24. e4 Rb8 25.
Bc3 Rb3 26. e5 dxe5 27. Qc4 Rxc3 28. Qxc3 exf4 29. Qc2 fxg3 30. d6 Qb6 31. Kh1 Qxd6 32. Rfd1 Qc7 33. Bd5 Nb6 34. Bg2 c4 35. a5 Nd7 36. Qa4 Re7 37. Qb4 Nf8 38. Rxb2 Bxb2 39. Qxb2 Qxa5 40. Bd5 c3 41. Qb3 Ne6 42. Re1 c2 43.
Rc1 Nd4 44. Qb8+ Kg7 45. Qd6 Qd2 46. Qxe7 Qxc1+ 47. Kg2 Qd2+ 48. Kxg3 Nf5+ 49. Kg4 Nxe7 0-1

[Event "*** Titled Tuesday Blitz"]
[Site "Chess.com"]
[Date "2020.11.10"]
[Round "2"]
[White "IwkooO"]
[Black "kai_nov"]
[Result "0-1"]
[WhiteElo "2625"]
[BlackElo "2328"]
[TimeControl "180+1"]
[EndTime "10:20:51 PST"]
[Termination "kai_nov won by checkmate"]

1. e4 c5 2. Nf3 Nc6 3. d4 cxd4 4. Nxd4 Nf6 5. Nc3 e5 6. Ndb5 d6 7. Bg5 a6 8. Na3 b5 9. Nd5 Be7 10. Bxf6 Bxf6 11. c3 O-O 12. Nc2 Bg5 13. a4 bxa4 14. Rxa4 a5 15. Bc4 Rb8 16. b3 Kh8 17. h4 Bh6 18. g4 Bf4 19. Qf3 Be6 20. g5 Bxd5 21.
exd5 Ne7 22. Qh5 f5 23. gxf6 Rxf6 24. O-O Rh6 25. Qf3 Rxh4 26. Kg2 Nf5 27. Rh1 Rxh1 28. Kxh1 Qg5 29. Rxa5 Nh4 30. Qh3 Rf8 31. Ne1 h6 32. Ng2 Nxg2 33. Qxg2 Qh5+ 34. Kg1 Qd1+ 35. Qf1 Qg4+ 36. Qg2 Qh5 37. Ra1 e4 38. Ra2 Rf6 39. Ra8+ Kh7 40. Qxe4+ Rg6+ 41. Kf1 Qd1+ 42. Qe1 Rg1+ 43.
Kxg1 Qxe1+ 44. Kg2 Qxc3 45. Rf8 Be5 46. Rf3 Qd4 47.
Bd3+ Kg8 48. Kf1 g5 49. Ke2 g4 50. Rf5 Qb2+ 51. Kf1 Qxb3 52. Be2 Qxd5 53. Bxg4 Qh1+ 54.
Ke2 Qe4+ 55. Kf1 Qxg4 56. Rxe5 Qc4+ 57. Re2 d5 58. Ke1 Qc1# 0-1

[Event "*** Titled Tuesday Blitz"]
[Site "Chess.com"]
[Date "2020.11.10"]
[Round "2"]
[White "tandaleo"]
[Black "Orest_Vovk"]
[Result "0-1"]
[WhiteElo "2301"]
[BlackElo "2567"]
[TimeControl "180+1"]
[EndTime "10:20:51 PST"]
[Termination "Orest_Vovk won by resignation"]

1. Nf3 Nf6 2. g3 g6 3. Bg2 Bg7 4. O-O O-O 5. d3 c5 6. Nbd2 Nc6 7. c3 b6 8. a4 Bb7 9. Ne5 Qc7 10.
Nxc6 Bxc6 11. Bxc6 Qxc6 12. Nc4 d5 13. Ne5 Qd6 14.
Nf3 e5 15. Qc2 Nd7 16. e4 f5 17. exd5 Qxd5 18. Nd2 Rad8 19. Rd1 Nf6 20. Nc4 Ng4 21.
h3 Nh6 22. Bxh6 Bxh6 23. b4 cxb4 24. cxb4 f4 25. g4 Rc8 26. Qe2 e4 27. Nb2 e3 28.
f3 Bg7 29. Rac1 Qa2 30. d4 Rxc1 31. Rxc1 Bxd4 32. Rc2 Qb1+ 33. Kg2 Kg7 34. Rc7+ Kh6 35. g5+ Kxg5 36. Nd3 Qb3 37. Rxh7 Kf6 38. Nxf4 Qg8 39. Rh4 Kf5 40. Rg4 g5 41. Qb5+ Kf6 42. Nd5+ Kf7 43.
Qd7+ Kg6 44. Rxg5+ Kxg5 45. Qg4+ Kh6 46. Ne7 Qxg4+ 47.
hxg4 Bf6 48. Nd5 Bg5 49. Kf1 Rd8 50. Ke2 Rxd5 0-1

[Event "*** Titled Tuesday Blitz"]
[Site "Chess.com"]
[Date "2020.11.10"]
[Round "2"]
[White "MarkoPe"]
[Black "BegmuratovKh2010"]
[Result "0-1"]
[WhiteElo "2230"]
[BlackElo "2444"]
[TimeControl "180+1"]
[EndTime "10:20:51 PST"]
[Termination "BegmuratovKh2010 won by resignation"]

1. e4 e5 2. Nf3 Nc6 3. Bb5 Nf6 4. d3 Bc5 5. O-O d6 6. Nc3 a6 7.
Ba4 b5 8. Bb3 Be6 9. Bg5 h6 10.
Bxf6 Qxf6 11. Bd5 Bxd5 12. Nxd5 Qd8 13. c3 Ne7 14. d4 exd4 15. cxd4 Ba7 16. a4 Nxd5 17.
exd5 O-O 18. axb5 axb5 19. Qd3 Qd7 20. Rfc1 Bb6 21. h3 Ra4 22. b3 Rxa1 23. Rxa1 Re8 24. Re1 Rxe1+ 25. Nxe1 c6 26. dxc6 Qxc6 27. Nc2 Qd5 28. Ne3 Qc6 29. Kh2 g6 30. h4 h5 31.
g3 d5 32. Ng2 b4 33. Nf4 Kg7 34. Qd2 Qd6 35. Qd3 Bc7 36. Qb5 Bb6 37. Nxd5 Bxd4 38. Nxb4 Bxf2 39. Qd3 Qxb4 40. Kg2 Qe1 41. Kf3 Bxg3 42.
b4 Be5 43. b5 Qg3+ 44. Ke4 Qxd3+ 45. Kxd3 Bf6 46. Ke4 Bxh4 47. b6 Bd8 48. b7 Bc7 49. Kd5 Bb8 50. Kc6 h4 0-1

[Event "*** Titled Tuesday Blitz"]
[Site "Chess.com"]
[Date "2020.11.10"]
[Round "2"]
[White "frederiksvane"]
[Black "FLamps8"]
[Result "0-1"]
[WhiteElo "2694"]
[BlackElo "2502"]
[TimeControl "180+1"]
[EndTime "10:20:52 PST"]
[Termination "FLamps8 won by resignation"]

1. e4 c6 2. Nf3 d5 3. Nc3 Bg4 4. h3 Bh5 5. exd5 cxd5 6. g4 Bg6 7. Bb5+ Nc6 8. Ne5 Rc8 9. d4 e6 10. Qe2 Bd6 11. Nxc6 bxc6 12. Ba6 Rb8 13. h4 h5 14. Bd3 Bxd3 15. cxd3 Qb6 16. gxh5 Qxd4 17. Be3 Qe5 18. d4 Qxh5 19. O-O-O Qxe2 20. Nxe2 Nf6 21. Nc3 Ng4 22.
Rdg1 Nxe3 23. fxe3 g6 24. Kc2 Ke7 25. Rg4 Rh5 26.
e4 Rbh8 27. e5 Bc7 28. Ne2 g5 29. Rf1 gxh4 30. Rg7 Rf5 31. Rxf5 exf5 32. Nf4 Kf8 33.
Rg2 Rg8 34. Rxg8+ Kxg8 35. Kd3 f6 36. Ng6 h3 37. Ne7+ Kf7 38. Nxf5 h2 39. Ng3 fxe5 40. dxe5 Bxe5 41. Nh1 Ke6 42. b3 Kf5 43. Nf2 Kf4 44. Ke2 Kg3 45. Kf1 Kf3 46. Nh1 Bd4 47. a4 a5 48. b4 axb4 49. a5 b3 50. Ke1 b2 51.
Kd2 b1=Q 52. a6 Qb2+ 53. Kd1 Ke3 0-1

[Event "*** Titled Tuesday Blitz"]
[Site "Chess.com"]
[Date "2020.11.10"]
[Round "2"]
[White "VerdeNotte"]
[Black "KaterinaMiroshnik"]
[Result "1-0"]
[WhiteElo "2874"]
[BlackElo "2562"]
[TimeControl "180+1"]
[EndTime "10:20:54 PST"]
[Termination "VerdeNotte won by resignation"]

1. c4 e6 2. g3 Nf6 3. Bg2 d5 4.
Nf3 Be7 5. O-O O-O 6. b3 c6 7. Bb2 Nbd7 8. Nc3 b6 9. cxd5 exd5 10. Nd4 Bb7 11. Nf5 Nc5 12. d4 Nce4 13. Nxe4 Nxe4 14.
Qc2 Nd6 15. Nxe7+ Qxe7 16. a4 a5 17. Ba3 Qe6 18. Rac1 Rfe8 19. e3 Ne4 20. Rfe1 h5 21. f3 Nf6 22. e4 dxe4 23. fxe4 Rad8 24. Bb2 Qg4 25. e5 Nd5 26. Qe4 Qe6 27. Qh4 c5 28. dxc5 bxc5 29. Rxc5 Nb4 30. Bxb7 Qb6 31. Bd4 Qxb7 32.
Qe4 Qd7 33. Rc4 Qe6 34. Rf1 Rd5 35. Qf3 Red8 36. Bc3 Rd3 37. Qxh5 Nd5 38. Bxa5 Ra8 39.
Rh4 Qh6 40. Qxh6 gxh6 41. b4 Nc3 42. Rxh6 Nxa4 43. e6 fxe6 44. Rxe6 Nc3 45. Rg6+ Kh7 46. Rg4 Re8 47. Bc7 Re2 48. Rf7+ Kh8 49. Rf8+ Kh7 50. Rf7+ Kh8 51. Bb6 Rd1+ 52. Rf1 Rd3 53. Bd4+ Kh7 54. Bxc3 Rxc3 55. Rf2 Re1+ 56. Kg2 Rb3 57. Kh3 1-0

[Event "*** Titled Tuesday Blitz"]
[Site "Chess.com"]
[Date "2020.11.10"]
[Round "2"]
[White "Mazanchenko_Dmitry"]
[Black "Smile2005"]
[Result "0-1"]
[WhiteElo "2097"]
[BlackElo "2390"]
[TimeControl "180+1"]
[EndTime "10:20:54 PST"]
[Termination "Smile2005 won by resignation"]

1. e4 d5 2. exd5 Nf6 3. c4 e6 4. dxe6 Bxe6 5. d4 Bb4+ 6. Bd2 Bxd2+ 7. Qxd2 Qe7 8. Qe2 Nc6 9. Nf3 O-O-O 10. d5 Rhe8 11.
Nc3 Qb4 12. O-O-O Bxd5 13. Nxd5 Nxd5 14. Qd2 Ne3 15. fxe3 Rxd2 16. Rxd2 Rxe3 17. a3 Qb3 18. Be2 f6 19. Rhd1 b6 20. Kb1 Kb7 21. Rd3 Rxd3 22. Rxd3 Qxc4 23. Ng1 Qe4 24. Ka2 Qc4+ 25. Rb3 Qe6 26.
Bf3 a5 27. a4 Qc4 28. Ka3 Qc5+ 29. Ka2 Qc4 30. Ka3 Kb8 31. Bxc6 Qxc6 32. Nf3 Qc5+ 33. Ka2 Qc4 34. Ka3 Qe2 35. Nd4 Qxg2 36. Rc3 Qd5 37. Nb5 c5 38. Rb3 Kb7 39. Nc3 Qd4 40. Rb5 f5 41.
Kb3 f4 42. Kc2 f3 43. Nd1 f2 44. Nxf2 Qxf2+ 45. Kb3 Qxh2 46. Rxc5 bxc5 0-1

[Event "*** Titled Tuesday Blitz"]
[Site "Chess.com"]
[Date "2020.11.10"]
[Round "2"]
[White "zivicd"]
[Black "Sergey85Rodchenkov"]
[Result "0-1"]
[WhiteElo "2249"]
[BlackElo "2457"]
[TimeControl "180+1"]
[EndTime "10:20:55 PST"]
[Termination "Sergey85Rodchenkov won on time"]

1. e4 c5 2. Nc3 e6 3. g3 d5 4. d3 Nc6 5. Bg2 d4 6. Nce2 e5 7. f4 Bd6 8. Nf3 Nge7 9. fxe5 Nxe5 10. Nxe5 Bxe5 11. Nf4 Ng6 12. O-O O-O 13. Qh5 Qd6 14. b3 Bd7 15. a4 Rae8 16. Bd2 b6 17. Rf2 Ne7 18. Bh3 g6 19. Qh4 Bxh3 20. Nxh3 Bg7 21.
Bh6 f5 22. Ng5 Qf6 23. Re1 Nc6 24. Bxg7 Qxg7 25. Ref1 h6 26. Nh3 g5 27. Qh5 fxe4 28.
Rxf8+ Rxf8 29. Rxf8+ Kxf8 30. Qg4 Ne5 31. Qf5+ Kg8 32. Qxe4 Qf6 33. Kg2 Kg7 34. Qb7+ Kg6 35. Qe4+ Qf5 36. Nf2 g4 37. h3 h5 38. hxg4 hxg4 39.
Qxf5+ Kxf5 40. Ne4 Nf3 41. Kf2 Ne5 42. Nd6+ Ke6 43. Ne4 Nc6 44. Ke2 Nb4 45. Kd2 Nd5 46. Ke2 Ne3 47. Kd2 Ke5 48. Kc1 Nf5 49. Kd2 Ne3 50.
Ng5 Kd5 51. Ne4 a6 52. Kc1 Nf1 0-1

[Event "*** Titled Tuesday Blitz"]
[Site "Chess.com"]
[Date "2020.11.10"]
[Round "2"]
[White "ajedrezhoy"]
[Black "Skat2704"]
[Result "0-1"]
[WhiteElo "2229"]
[BlackElo "2447"]
[TimeControl "180+1"]
[EndTime "10:20:55 PST"]
[Termination "Skat2704 won on time"]

1. Nf3 d5 2. b3 c5 3. Bb2 Nc6 4. e3 e6 5. Bb5 Nf6 6. O-O Be7 7.
Ne5 Bd7 8. Bxc6 Bxc6 9. f4 O-O 10.
d3 Nd7 11. Nxc6 bxc6 12. Nd2 Bf6 13. Bxf6 Qxf6 14. Nf3 Qc3 15. Qd2 Qxd2 16. Nxd2 a5 17. a4 Rab8 18. Rae1 Nb6 19. e4 c4 20. f5 cxd3 21.
cxd3 exf5 22. Rxf5 dxe4 23. dxe4 Rfd8 24. Re2 Ra8 25. Rc5 Nd7 26. Rxc6 Ne5 27. Rc5 Nd3 28. Rc2 Nf4 29. Re3 Rd4 30. g3 Ne6 31. Rec3 Rad8 32.
Nc4 Rd1+ 33. Kf2 Ng5 34. Re2 R1d4 35. Rce3 Re8 36. Nxa5 Nxe4+ 37. Kg2 f5 38. Nc4 Rd1 39. g4 g6 40. gxf5 gxf5 41. a5 Rb8 42. Nb6 Rb7 43.
b4 Rg7+ 44. Kh3 Rd6 45. Rxe4 fxe4 46. Rxe4 Rd3+ 47. Kh4 Rd6 48. Re5 Rd2 49. h3 Rd4+ 50. Kh5 Rxb4 51. Nd5 Rb3 0-1